 Dungeon Crawl Stone Soup version 0.28-a0-906-g0406aca7d3 (webtiles) character file.

Game seed: 17636168643658833680

91 kae the Ruffian (level 4, -1/36 HPs)
             Began as a Draconian Transmuter on Nov 23, 2021.
             Killed from afar by an orc wizard (4 damage)
             ... with a magic dart
             ... on level 3 of the Dungeon.
             The game lasted 00:01:39 (2209 turns).

kae the Ruffian (Draconian Transmuter)              Turns: 2209, Time: 00:01:40

Health: -1/36      AC:  2    Str: 13    XL:     4   Next: 34%
Magic:  5/7        EV: 19    Int: 14    God:
Gold:   65         SH:  0    Dex: 16    Spells: 3/7 levels left

rFire   . . .      SeeInvis .     - Unarmed
rCold   . . .      Faith    .   (shield currently unavailable)
rNeg    . . .      Spirit   .   (armour unavailable)
rPois   x          Reflect  .   (helmet currently unavailable)
rElec   .          Harm     .   (cloak currently unavailable)
rCorr   .          Rampage  .   (gloves currently unavailable)
Will    .....                   (boots currently unavailable)
Stlth   +.........              (no amulet)
HPRegen 0.12/turn               (no ring)
MPRegen 0.10/turn               (no ring)

@: spider-form (expiring)
A: venomous fangs, AC +5, tiny, unfitting armour, (cold-blooded)
a: End Transformation


You were on level 3 of the Dungeon.
You were a venomous arachnid creature.
You visited 1 branch of the dungeon, and saw 3 of its levels.

You collected 65 gold pieces.

Inventory:

Scrolls
 a - a scroll of enchant weapon
Potions
 b - a potion of curing {unknown}
 c - a potion of brilliance {unknown}
 d - a potion of degeneration {unknown}
 f - a potion of berserk rage {unknown}


   Skills:
 + Level 2.0 Fighting
 + Level 2.2 Dodging
 * Level 3.8 Unarmed Combat
 + Level 2.4 Spellcasting
 + Level 2.5 Transmutations
 * Level 0.9 Poison Magic


You had 3 spell levels left.
You knew the following spells:

 Your Spells              Type           Power      Damage    Failure   Level
a - Beastly Appendage     Tmut           16%        N/A       22%         1
b - Spider Form           Tmut/Pois      6%         N/A       54%         3

Your spell library contained the following spells:

 Spells                   Type           Power      Damage    Failure   Level
 Sting                    Tmut/Pois      24%        1d4       26%         1
 Wereblood                Tmut           8%         N/A       28%         2
 Poisonous Vapours        Pois/Air       6%         N/A       50%         2
 Ice Form                 Ice/Tmut       5%         N/A       92%         4
 Olgreb's Toxic Radiance  Pois           4%         N/A       94%         4


Dungeon Overview and Level Annotations

Branches:
Dungeon (3/15)

Altars:


Innate Abilities, Weirdness & Mutations

You are a venomous arachnid creature.
You have poisonous fangs.
You are tiny and dextrous.
Your spellcasting is less reliable in this form.
Your armour is entirely melded.
You are incapable of wielding weapons or throwing items.
((Your plain brown scales are hard. (AC +5)))
You cannot fit into any form of body armour.
((You are cold-blooded and may be slowed by cold attacks.))


Message History

Unknown command.
Found a stone staircase leading down.
There is a stone staircase leading up here.
An orc wizard comes into view. It is wielding a +0 dagger.
The orc wizard shouts!
You hear a shout!
An orc wizard is nearby!
An orc wizard is nearby!
An orc wizard is nearby!
You see here a book of Rime.
Casting: Beastly Appendage (safe; 9% risk of failure)
Confirm with . or Enter, or press ? or * to list all spells.
The spell is quite dangerous to cast (32% risk of failure)!
Continue anyway? [Y]es or [N]o only, please.
The spell is quite dangerous to cast (32% risk of failure)!
Continue anyway?
You turn into a venomous arachnid creature.
The orc wizard casts a spell at you. The puff of flame misses you.
An orc comes into view. It is wielding a +0 club.
Found a scroll labelled JUYGEFF TIPS.
The orc wizard gestures at you while chanting.
The magic dart hits you!
Your transformation is almost over.
An orc priest comes into view. It is wielding a +0 dagger. x2
The orc priest shouts!
The orc wizard hits you with a +0 dagger.
You hit the orc wizard.
The orc wizard is poisoned.
The orc wizard is lightly wounded.
The orc priest calls upon Beogh to heal the orc wizard.
The orc wizard's wounds heal themselves!
The orc wizard completely misses you.
The orc priest invokes the aid of Beogh against you.
Beogh smites you!
You see here a book of Rime.
The orc priest calls down the wrath of Beogh upon you.
Beogh smites you!
* * * LOW HITPOINT WARNING * * *
There is a stone staircase leading up here.
The orc wizard points at you and mumbles some strange words.
The magic dart hits you.
You die...

#.. ... #.###.##
.......## #>. ....
#.# #..# #.# #..#
####.###o.##.#.#.
#<..so:.o.....?..
#........o...........
#####.#######.##.#.#.
#.# .... .. ...
......... .#.#
##.##.# ## #.#.# #.#
.# . ... #.# .


You could see 2 orc priests, an orc wizard (poisoned) and an orc.

Vanquished Creatures
  3 adders (D:2)
  2 worms (D:2)
  A dart slug (D:2)
  3 bats (D:1)
  5 endoplasms
  2 giant cockroaches (D:2)
  7 goblins
  2 hobgoblins
  6 jackals
  3 kobolds
  3 quokkas
  6 ball pythons
  2 frilled lizards
  4 rats
49 creatures vanquished.

Notes
Turn   | Place    | Note
-------+----------+-------------------------------------------
     0 | D:1      | kae the Draconian Transmuter began the quest for the Orb.
     0 | D:1      | Reached XP level 1. HP: 16/16 MP: 3/3
   279 | D:1      | Reached XP level 2. HP: 15/23 MP: 5/5
   292 | D:1      | HP: 1/23 [kobold (4)]
   752 | D:1      | Reached XP level 3. HP: 25/29 MP: 4/6
   776 | D:1      | Learned a level 3 spell: Spider Form
  1816 | D:2      | Reached XP level 4. HP: 33/36 MP: 3/7
  2209 | D:3      | Killed from afar by an orc wizard

Illustrated notes

Levels and vault maps discovered:
D:1:      sevenhm_arrival_forest_fort_small_3, layout_rooms
D:2:      kb_forest_paths, layout_basic, fountainhead
D:3:      layout_basic, kennysheep_cross_bottleneck, kennysheep_small_spiral

Skill      XL: |  1  2  3  4 |
---------------+-------------+-----
Dodging        | 2 |  2.2
Fighting       | 2 |  2.0
Unarmed Combat | |  3.8
Spellcasting   | |  2.4
Transmutations | |  2.5
Poison Magic   | |  0.9

Action                   |  1- 3 |  4- 6 || total
-------------------------+-------+-------++-------
Melee: Unarmed           |   142 |    11 ||   153
       Headbutt          |     9 |     1 ||    10
       Kick              |    14 |     2 ||    16
       Tailslap          |    10 |       ||    10
       Punch             |     1 |       ||     1
 Cast: Beastly Appendage |    27 |     3 ||    30
       Spider Form       |     1 |     1 ||     2
  Use: Potion            |     1 |       ||     1
       Scroll            |     2 |     2 ||     4
Armor: Skin              |    41 |       ||    41
Dodge: Dodged            |   112 |    10 ||   122

Table legend: (Time is in decaauts)
 A = Elapsed time spent in this place.
 B = Non-inter-level travel time spent in this place.
 C = Inter-level travel time spent in this place.
 D = Time resting spent in this place.
 E = Time spent auto-exploring this place.
 F = Levels seen in this place.
 G = Mean time per level.
                   A        B        C        D        E       F      G
               +--------+--------+--------+--------+--------+-----+--------+
         Total |   2204 |   2170 |     34 |      0 |   1805 |   3 |  734.7 |
       Dungeon |   2204 |   2170 |     34 |      0 |   1805 |   3 |  734.7 |
               +--------+--------+--------+--------+--------+-----+--------+

Top non-repeatable levels by time:
     D:2: 1246 daAuts
     D:1: 942 daAuts
     D:3: 15 daAuts
